Map: Retraite de l’acolyte EC

Players

BallaBalla - Winner!

  • Race: Zerg Zerg
  • Spawn Location: 7:00

zidar

  • Race: Zerg Zerg
  • Spawn Location: 1:00

VOD

Have the link to the VOD?

Description

Time

  • Played on: July 28, 2017, 11:12 a.m.
  • Length: 11:59
Show
View Real Time Build Order
Export as new Build Order

BallaBalla Zerg - Winner!

Build Orders: Hatch First 

Get SALT Encoding   

  12  0:14  Overlord  
  12  0:15  Drone  
  12  0:17  Drone  
  14  0:22  Extractor  
  14  0:25  Drone  
  15  0:38  Drone  
  16  0:48  Drone  
  17  1:00  Drone  
  17  1:03  Hatchery  
  17  1:08  Drone  
  18  1:18  Spawning Pool  
  17  1:23  Extractor, Drone  
  17  1:30  Drone  
  18  1:44  Drone  
  19  2:06  Zergling x4  
  21  2:14  Queen  
  23  2:15  Overlord  
  23  2:19  Queen  
  23  2:21  Zergling x2  
  26  2:29  Drone x2  
  28  2:39  Overlord  
  28  2:47  Drone x2  
  28  2:48  Drone  
  28  2:50  Metabolic Boost  
  31  2:59  Baneling Nest  
  31  3:01  Evolution Chamber  
  31  3:02  Drone x2  
  31  3:09  Drone x2  
  33  3:23  Drone  
  33  3:24  Drone  
  35  3:28  Zergling x2  
  35  3:30  Hatchery  
  35  3:31  Zerg Melee Weapons Level 1  
  35  3:35  Zergling x2  
  35  3:36  Zergling x2  
  37  3:42  Baneling  
  37  3:50  Baneling  
  37  3:51  Drone  
  37  3:52  Drone x4  
  37  3:54  Zergling x2  
  43  4:01  Zergling x2  
  44  4:07  Overlord  
  44  4:22  Roach Warren, Extractor  
  44  4:23  Overlord  
  42  4:24  Drone x2  
  42  4:28  Drone x2  
  42  4:30  Drone  
  47  4:34  Lair  
  47  4:38  Zergling x6  
  49  4:42  Drone  
  49  4:43  Drone x2  
  53  4:46  Drone  
  53  4:47  Extractor  
  53  5:03  Roach x5  
  63  5:15  Drone  
  63  5:16  Drone  
  65  5:26  Zerg Missile Weapons Level 1  
  65  5:32  Hatchery  
  65  5:34  Queen  
  66  5:39  Overlord x4  
  66  5:45  Overlord x2  
  66  6:07  Drone  
  66  6:08  Drone  
  70  6:11  Roach x3  
  70  6:12  Roach x8  
  70  6:15  Drone x2  
  70  6:16  Drone  
  94  6:18  Drone  
  94  6:27  Glial Reconstitution  
  94  6:31  Zergling x2, Hydralisk Den  
  94  6:32  Zergling x6  
  97  6:52  Queen  
  99  6:55  Roach x7  
  113  7:02  Drone x4  
  117  7:15  Roach  
  119  7:17  Overlord x2  
  119  7:18  Overlord  
  119  7:20  Zerg Ground Armor Level 1  
  119  7:21  Muscular Augments  
  119  7:26  Drone  
  119  7:27  Extractor, Drone  
  120  7:30  Overlord x2  
  120  7:33  Overlord  
  120  7:35  Drone  
  120  7:36  Drone x2  
  123  7:39  Drone x2  
  123  7:40  Drone  
  126  7:46  Drone x2  
  126  7:47  Extractor, Drone  
  126  7:49  Drone x2  
  126  7:50  Drone  
  131  7:53  Drone x2  
  131  7:58  Hydralisk x2  
  133  8:03  Queen  
  139  8:09  Infestation Pit  
  138  8:17  Drone x2  
  138  8:18  Extractor, Drone  
  140  8:20  Drone x2  
  142  8:29  Roach  
  142  8:30  Roach x8  
  142  8:33  Overseer x2  
  160  8:40  Hydralisk x3  
  166  8:44  Overlord x2  
  166  8:47  Overlord  
  166  8:51  Infestor  
  117  9:36  Roach x6  
  117  9:37  Roach x4, Hydralisk x8  
  117  9:38  Hydralisk x5  
  161  9:41  Zergling x2  
  161  9:42  Zergling x4  
  166  9:52  Infestor, Hydralisk  
  168  9:53  Hydralisk  
  172  10:00  Queen  
  174  10:19  Hydralisk  
  174  10:20  Hydralisk x7  
  190  10:43  Roach  
  133  11:07  Roach  
  133  11:08  Roach x18  
  149  11:22  Zergling x2  
  149  11:23  Zergling x6  
  129  11:30  Roach  
  129  11:31  Roach x5  
Show
View Real Time Build Order
Export as new Build Order

zidar Zerg 

Build Orders: Pool First 

Get SALT Encoding   

  12  0:01  Drone  
  13  0:12  Overlord  
  13  0:17  Drone  
  14  0:32  Drone  
  14  0:33  Drone  
  16  0:41  Drone  
  17  0:50  Spawning Pool  
  17  0:52  Drone  
  17  1:17  Hatchery  
  16  1:19  Drone  
  16  1:22  Extractor, Drone  
  17  1:27  Drone  
  18  1:33  Drone  
  19  1:51  Queen, Zergling x2  
  22  1:54  Overlord  
  22  2:13  Drone  
  23  2:21  Metabolic Boost  
  23  2:24  Drone  
  23  2:26  Queen  
  23  2:27  Overlord  
  25  2:48  Baneling Nest  
  24  2:55  Drone x5  
  29  3:00  Drone x2  
  29  3:03  Drone  
  32  3:11  Zergling x4  
  34  3:31  Drone x4  
  38  3:39  Lair  
  38  3:46  Roach Warren, Drone x5  
  42  4:00  Drone x2  
  44  4:03  Overlord x3  
  44  4:20  Evolution Chamber  
  44  4:23  Queen  
  45  4:28  Extractor  
  45  4:29  Extractor  
  43  4:32  Extractor  
  43  4:33  Drone x6  
  48  5:07  Hydralisk Den  
  48  5:13  Roach x9  
  65  5:16  Glial Reconstitution  
  65  5:20  Hatchery  
  64  5:23  Zerg Missile Weapons Level 1  
  64  5:41  Hydralisk  
  64  5:42  Hydralisk  
  68  5:44  Overlord  
  68  5:45  Overlord x3  
  68  6:02  Muscular Augments  
  68  6:04  Drone  
  68  6:05  Drone x2  
  68  6:08  Hydralisk x4  
  79  6:37  Roach x9  
  96  6:50  Roach x4  
  104  6:55  Drone  
  105  7:22  Overlord  
  105  7:23  Overlord x2  
  105  7:40  Drone x2  
  105  7:41  Drone x10  
  117  8:03  Hydralisk x6  
  129  8:10  Zerg Missile Weapons Level 2  
  129  8:23  Infestation Pit  
  128  8:47  Roach  
  130  8:50  Overlord x2  
  130  8:51  Overlord x3  
  88  9:31  Hydralisk x22  
  62  9:32  Hydralisk  
  106  9:41  Hydralisk x4  
  112  9:50  Lurker Den  
  112  9:58  Extractor  
  112  9:59  Extractor  
  110  10:08  Hydralisk  
  110  10:09  Hydralisk x5  
  122  10:20  Hatchery  
  121  10:29  Hydralisk  
  121  10:30  Hydralisk x4  
  67  11:26  Zergling x2  
  67  11:27  Zergling x44  
  67  11:32  Drone  
Tags
 
Add a new tag
Caveats
  • Supply blocks, unpowered buildings, or Contaminate may cause inaccurate times.
  • Supply counts are checked every 10 seconds.